ElectroGuy, lawful male human Knight -- --.-- |....- ....------ ---- -.......| --..| | - |.%.....| |^.<| -- --... |.......--- -.--- |.............u....------ *.| -........G...G@.))......- --- --..... ----.|..---- -- ------ ElectroGuy the Esquire Experience level: 4 Strength: 16 Dexterity: 8 Constitution: 12 Intelligence: 9 Wisdom: 14 Charisma: 18 Health: 0(36) Energy: 28(28) Def: 7 Gold: 1265 Moves: 2057 Dungeon seed: MBfXz0HX5Yd-EZBe Game ID: ElectroGuy_1577619369 Your Inventory: Coins $ - 1265 gold pieces Weapons a - a +1 long sword (weapon in hand) b - a +1 lance C - a cursed +0 dart Armor e - an uncursed +1 ring mail (being worn) n - an uncursed +0 helmet (being worn) q - an uncursed +0 small shield (being worn) r - an uncursed +0 pair of leather gloves (being worn) Comestibles c - 2 uncursed apples d - 11 uncursed carrots f - 3 uncursed food rations u - an uncursed egg z - an uncursed tripe ration Scrolls x - an uncursed scroll of punishment Potions A - an uncursed potion of gain ability Rings l - an uncursed ring of slow digestion o - an uncursed ring of stealth (on right hand) p - an uncursed ring of searching (on left hand) s - an uncursed ring of slow digestion Tools k - a cursed oil lamp (0:1214) Spells and supernatural/magical abilities: Name Level Category Fail Memory W - pray for help -- divine ? -- X - turn undead -- divine ? -- Y - supernatural jump -- ability ? -- Your skills at the end: Fighting Skills riding [Basic] Weapon Skills long sword [Basic] lance [Basic] Spellcasting Skills Final Attributes: You were piously aligned. You were telepathic. You had automatic searching. You were stealthy. You could jump. You are dead. Vanquished creatures: a floating eye a giant bat 3 iguanas a gas spore a large kobold 2 giant rats 3 cave spiders a red mold 3 gnomes 4 geckos 6 jackals a fox a goblin 3 grid bugs 5 lichens a newt 37 creatures vanquished. Voluntary challenges: You were an atheist. You used a wielded weapon 35 times, starting on turn 65. You read items or engraved 3 times, starting on turn 91. You never genocided any monsters. You never polymorphed an object. You never changed form. You used no wishes. You never split a pudding. You never wrote Elbereth's name. You never violated your personal moral code. Dungeon overview: The Dungeons of Doom: levels 1 to 3 Level 1 a long staircase Level 2 a jewelry store Level 3 a general store stairs to The Gnomish Mines The Gnomish Mines: Level 4 <- You were here stairs to The Dungeons of Doom History has recorded: On T:1 you entered the Dungeons of Doom to retrieve the Amulet of Yendor! On T:393 you reached level 2 of The Dungeons of Doom. On T:483 you reached level 3 of The Dungeons of Doom. On T:548 you advanced to experience level 2. On T:995 you advanced to experience level 3. On T:1485 you advanced to experience level 4. On T:2031 you reached level 1 of The Gnomish Mines. Score breakdown: Gold: 1265 (10553 points) Experience: 4 levels ( 9649 points) Exploration: 4 levels ( 8.33%) ( 7579 points) Discoveries: 2 items ( 0.81%) ( 2705 points) Valuables value: (no points given unless you survive) Artifact value: 0 ( 0 points) Variety of kills: 16 monsters ( 4.20%) ( 6147 points) Turncount: 2057 turns ( -42 points) Survival: died (score multiplied by 80%) Total score: 29272 Latest messages: y - a heavy iron ball (chained to you). You rebalance your load. Movement is difficult. The gnome misses. You kill the gnome! The gnome thrusts her dagger. The gnome hits! You hit the gnome. The gnome thrusts her dagger. The gnome hits! The saddled pony hits the gnome. The saddled pony bites the gnome. Your movements are now unencumbered. You kill the gnome! The gnome wields a bow! You stop. Your saddled pony is in the way! The gnome king picks up 3 darts. The saddled pony misses the gnome king. The saddled pony bites the gnome king. The gnome king hits the saddled pony. You hit the gnome king! The gnome king hits! You die... Final status: Fare thee well ElectroGuy the Knight, killed by a gnome king... You died in The Gnomish Mines on dungeon level 4 with 29272 points, and 1265 pieces of gold, after 2057 moves. You were level 4 with a maximum of 36 hit points when you died.